 Dungeon Crawl Stone Soup version 0.26-a0-540-g8a0c9464d7 (webtiles) character file.

Game seed: 17328953634894885902

11766 kae the Geomancer (level 11, -6/76 HPs)
             Began as a Gargoyle Earth Elementalist on Aug 20, 2020.
             Was an Elder of Sif Muna.
             Mangled by a spriggan rider
             ... wielding a +0 spear
              (17 damage)
             ... on level 13 of the Dungeon.
             The game lasted 00:13:09 (13504 turns).

kae the Geomancer (Gargoyle Earth Elementalist)    Turns: 13504, Time: 00:13:10

Health: -6/76      AC: 11    Str: 12    XL:     11   Next: 82%
Magic:  21/32      EV: 12    Int: 19    God:    Sif Muna [****..]
Gold:   571        SH:  5    Dex: 10    Spells: 11/26 levels left

rFire    . . .     SeeInvis .   w - +3 whip (freeze)
rCold    . . .     Faith    .   (no shield)
rNeg     + . .     Spirit   .   c - +1 robe
rPois    ∞         Reflect  +   (no helmet)
rElec    +         Harm     .   (no cloak)
rCorr    .                      (no gloves)
MR       .....                  (no boots)
Stlth    ++........             g - amulet of reflection
HPRegen  0.22/turn              l - ring of magical power
MPRegen  0.23/turn              (no ring)

@: studying Ice Magic
A: negative energy resistance 1, electricity resistance, unbreathing,
petrification resistance, rot immunity, AC +8
a: Channel Magic, Forget Spell, Divine Exegesis, Renounce Religion


You were on level 13 of the Dungeon.
You worshipped Sif Muna.
Sif Muna was greatly pleased with you.
You visited 2 branches of the dungeon, and saw 12 of its levels.

You collected 571 gold pieces.

Inventory:

Hand Weapons
 a - a +1 mace
 w - a +3 whip of freezing (weapon)
Missiles
 b - 116 stones (quivered)
Armour
 c - a +1 robe (worn)
Magical Staves
 h - an uncursed staff of cold
Jewellery
 g - an amulet of reflection (around neck)
 l - a ring of magical power (left hand)
Wands
 o - a wand of disintegration (17)
 p - a wand of iceblast (14)
Scrolls
 d - a scroll of identify
 i - 4 scrolls of remove curse
 j - 5 scrolls of enchant armour
 m - 3 scrolls of teleportation
 n - 4 scrolls of amnesia
Potions
 e - a potion of stabbing
 k - a potion of berserk rage
 q - 2 potions of haste
 s - 5 potions of ambrosia
 t - a potion of flight
 u - a potion of cancellation
 x - 2 potions of curing
Books
 v - a manual of Ice Magic


   Skills:
 - Level 12.6 Fighting
 - Level 1.5 Dodging
 - Level 2.1 Stealth
 + Level 8.4 Spellcasting
 - Level 0.7 Transmutations
 * Level 14.6 Earth Magic


You had 11 spell levels left.
You knew the following spells:

 Your Spells              Type           Power        Failure   Level
a - Sandblast             Erth           ######       1%          1
b - Stone Arrow           Conj/Erth      #####.       1%          3
c - Lee's Rapid Deconstr  Erth           ######....   1%          5
d - Passwall              Tmut/Erth      #####...     1%          2
e - Petrify               Tmut/Erth      #####...     3%          4

Your spell library contained the following spells:

 Spells                   Type           Power        Failure   Level
 Summon Small Mammal      Summ           #...         9%          1
 Call Imp                 Summ           #.......     13%         2
 Call Canine Familiar     Summ           #.......     26%         3
 Confusing Touch          Hex            #.......     26%         3
 Gell's Gravitas          Tloc           #.........   26%         3
 Summon Guardian Golem    Hex/Summ       #.......     26%         3
 Summon Ice Beast         Ice/Summ       #.......     65%         4
 Summon Lightning Spire   Summ/Air       #.......     65%         4
 Yara's Violent Unravell  Hex/Tmut       #.........   91%         5
 Metabolic Englaciation   Hex/Ice        #.........   94%         5


Dungeon Overview and Level Annotations

Branches:
Dungeon (10/15)            Temple (1/1) D:5            Lair (0/6) D:9
    Orc: D:9-12

Altars:
Ashenzari
Cheibriados
Dithmenos
Elyvilon
Fedhas
Gozag
Hepliaklqana
Kikubaaqudgha
Makhleb
Nemelex Xobeh
Okawaru
Qazlal
Ru
Sif Muna
Trog
Vehumet
Wu Jian
Xom
Yredelemnul
Zin
The Shining One

Shops:
D:4 (

Annotations:
D:7 1 runed translucent door, onhwahan's ghost, novice OpWr
D:9 Erolcha; Maurice


Innate Abilities, Weirdness & Mutations

You are resistant to torment.
Your stone body is resilient. (AC +8)
You are immune to poison.
You resist negative energy. (rN+)
You are resistant to electric shocks. (rElec)
You can survive without breathing.
You are immune to petrification.
You are immune to rotting.


Message History

The stone arrow hits the spriggan!
The spriggan is severely wounded.
The spriggan hits you but does no damage.
The spriggan rider hits you from afar with a +0 spear!
Casting: Stone Arrow (safe; 1% risk of failure)
Confirm with . or Enter, or press ? or * to list all spells.
Aiming: Stone Arrow (safe; 1% risk of failure)
Press: ? - help, Shift-Dir - straight line, f/p - spriggan
Aim: a spriggan, wielding a +0 dagger, wearing a +0 robe and wearing a +2 buckler (severely wounded)
The spriggan blocks the stone arrow.
The spriggan hits you with a +0 dagger!
The spriggan rider hits you from afar with a +0 spear!!
* * * LOW HITPOINT WARNING * * *
Casting: Stone Arrow (safe; 1% risk of failure)
Confirm with . or Enter, or press ? or * to list all spells.
Aiming: Stone Arrow (safe; 1% risk of failure)
Press: ? - help, Shift-Dir - straight line, f/p - spriggan
Aim: a spriggan, wielding a +0 dagger, wearing a +0 robe and wearing a +2 buckler (severely wounded)
The spriggan blocks the stone arrow.
You block the spriggan's attack.
The spriggan rider hits you from afar with a +0 spear!
You die...

*,***,,,,,,*,,,*,,,,<,,,,,,,,
*,,,,,*+****,,,,,,,,,,,,,,,,,
*****,*,*,,,,,,,,,,,,,,,,,,,*
***,*,,,,****************
******** * ****** ♣♣♣♣♣♣ ♣♣♣♣♣♣
**,,,,***
♣..Y.♣♣♣♣♣♣♣)((.♣♣♣♣♣♣♣.,***,,***
.♣♣♣....♣♣.((♣♣.@iio....,* ***,,*
♣♣ ♣♣♣♣).†♣♣♣♣♣♣♣♣♣♣♣...** ***,
♣♣♣♣♣ *,,,**** ** ****,,,,,**
***,,,,****,** ***,,,**** **,*
****,,,,** **,* ***,,,,,*** **,,*
*,,,,**** *,***


You could see a spriggan rider, a spriggan and an orc.

Vanquished Creatures
  Erica (D:8)
  2 two-headed ogres
  A centaur warrior (D:9)
  Pikel (D:7)
  A centaur zombie (D:10)
  A gargoyle (D:10)
  A queen bee (D:9)
  Grinder (D:6)
  A hornet (D:9)
  A spriggan (D:13)
  8 yaks
  A wyvern (D:10)
  4 vampire mosquitoes (D:13)
  Edmund (D:6)
  Menkaure (D:7)
  A water moccasin (D:7)
  3 orc warriors
  2 ogres (D:10)
  A black bear (D:7)
  A necrophage (D:5)
  An eye of draining (D:9)
  2 sky beasts
  An ice beast (D:9)
  A phantom (D:10)
  5 centaurs
  2 lemures (D:7)
  2 big kobolds (D:8)
  A gnoll sergeant (D:7)
  A wyvern zombie (D:8)
  4 bullfrogs
  A wyvern skeleton (D:9)
  3 scorpions
  29 killer bees
  A howler monkey (D:8)
  2 bullfrog zombies
  3 hounds
  A gnoll shaman (D:8)
  3 orc priests
  A centaur skeleton (D:7)
  A jelly (D:6)
  8 orc wizards
  2 bullfrog skeletons
  4 iguanas
  9 worker ants
  A killer bee zombie (D:8)
  2 hound skeletons
  2 worker ant zombies
  13 gnolls
  14 adders
  5 shadow imps
  5 white imps
  4 ufetubi
  6 oozes
  An adder zombie (D:9)
  4 worms
  2 leopard geckos
  42 orcs
  3 bats
  7 giant cockroaches
  6 hobgoblins
  9 jackals
  14 kobolds
  3 quokkas
  8 frilled lizards
  4 goblins
  8 rats
285 creatures vanquished.

Vanquished Creatures (others)
  An orc (D:8)
1 creature vanquished.

Grand Total: 286 creatures vanquished

Notes
Turn   | Place    | Note
-------+----------+-------------------------------------------
     0 | D:1      | kae the Gargoyle Earth Elementalist began the quest for the
                  | Orb.
     0 | D:1      | Reached XP level 1. HP: 10/10 MP: 3/3
    93 | D:1      | Reached skill level 4 in Earth Magic
   254 | D:1      | Reached XP level 2. HP: 15/15 MP: 5/5
   838 | D:1      | Reached XP level 3. HP: 18/19 MP: 6/6
   959 | D:2      | Learned a level 3 spell: Stone Arrow
  1131 | D:2      | Reached skill level 5 in Earth Magic
  1203 | D:2      | Reached XP level 4. HP: 16/24 MP: 5/8
  1402 | D:2      | Found a glowing silver altar of Zin.
  2464 | D:3      | Found a sparkling altar of Nemelex Xobeh.
  2538 | D:3      | Reached XP level 5. HP: 20/28 MP: 9/9
  2767 | D:3      | Reached skill level 6 in Earth Magic
  2780 | D:3      | Found a stormy altar of Qazlal.
  3815 | D:4      | Found Saapuaji's Weapon Shop.
  3858 | D:4      | Reached XP level 6. HP: 52/52 MP: 10/10
  4192 | D:4      | Found an iron altar of Okawaru.
  4200 | D:4      | Reached XP level 7. HP: 56/56 MP: 12/12
  4545 | D:5      | Entered Level 5 of the Dungeon
  4704 | D:5      | Reached skill level 7 in Earth Magic
  4813 | D:5      | Found a staircase to the Ecumenical Temple.
  4868 | Temple   | Entered the Ecumenical Temple
  4884 | Temple   | Became a worshipper of Sif Muna the Loreminder
  5545 | D:6      | Found a basalt altar of Yredelemnul.
  5578 | D:6      | Reached XP level 8. HP: 35/62 MP: 14/14
  5763 | D:6      | Found a bloodstained altar of Trog.
  5850 | D:6      | Noticed Edmund
  5896 | D:6      | Killed Edmund
  5896 | D:6      | Reached skill level 8 in Earth Magic
  6175 | D:6      | Noticed Grinder
  6180 | D:6      | Killed Grinder
  6335 | D:6      | Found a glowing golden altar of the Shining One.
  6411 | D:6      | Noticed an angel
  6448 | D:7      | Noticed a yak
  6448 | D:7      | Noticed a yak
  6448 | D:7      | Noticed a yak
  6763 | D:7      | Reached * piety under Sif Muna
  6831 | D:7      | Killed a yak
  6831 | D:7      | Reached skill level 9 in Earth Magic
  6831 | D:7      | Reached XP level 9. HP: 51/67 MP: 16/16
  6936 | D:7      | Reached skill level 5 in Spellcasting
  6951 | D:7      | Noticed Pikel
  6965 | D:7      | Killed Pikel
  7092 | D:7      | Reached skill level 10 in Earth Magic
  7198 | D:7      | Found a runed translucent door.
  7198 | D:7      | Found a shimmering altar of Xom.
  7198 | D:7      | Noticed a +0 mace of chaos
  7198 | D:7      | Noticed onhwahan's ghost (novice OpWr)
  7378 | D:7      | Noticed Menkaure
  7392 | D:7      | Killed Menkaure
  7821 | D:7      | Learned a level 5 spell: Lee's Rapid Deconstruction
  7824 | D:7      | Learned a level 2 spell: Passwall
  7829 | D:7      | Learned a level 4 spell: Petrify
  8055 | D:8      | Reached XP level 10. HP: 57/72 MP: 18/18
  8589 | D:8      | Noticed Erica
  8648 | D:8      | Killed Erica
  8648 | D:8      | Reached skill level 11 in Earth Magic
  8742 | D:8      | Reached ** piety under Sif Muna
  9599 | D:8      | Found an ornate altar of the Wu Jian Council.
  9870 | D:8      | Found a radiant altar of Vehumet.
 10012 | D:8      | Reached skill level 12 in Earth Magic
 10261 | D:8      | Found a burning altar of Makhleb.
 10587 | D:9      | Found a blossoming altar of Fedhas.
 10629 | D:9      | Noticed Maurice
 10724 | D:9      | Noticed a centaur warrior
 10731 | D:9      | Killed a centaur warrior
 11155 | D:9      | Noticed Erolcha
 11194 | D:9      | Found a staircase to the Lair.
 11509 | D:9      | Noticed a two-headed ogre
 11516 | D:9      | Killed a two-headed ogre
 11516 | D:9      | Reached XP level 11. HP: 22/76 MP: 5/21
 11765 | D:9      | Reached skill level 13 in Earth Magic
 11884 | D:9      | Reached *** piety under Sif Muna
 12470 | D:10     | Entered Level 10 of the Dungeon
 12838 | D:10     | Reached skill level 14 in Earth Magic
 12900 | D:10     | Noticed a two-headed ogre
 12903 | D:10     | Killed a two-headed ogre
 13097 | D:10     | You fall into a shaft and drop 3 floors!
 13097 | D:13     | Noticed a two-headed ogre
 13377 | D:13     | Reached **** piety under Sif Muna
 13498 | D:13     | Noticed a spriggan rider
 13504 | D:13     | Mangled by a spriggan rider

Illustrated notes

Levels and vault maps discovered:
D:1:      noname_arrival_rooms_in_the_neighbourhood, layout_basic
D:2:      minmay_recursive_quarters, layout_loops_corners,
          overflow_temple_1_default, minmay_tetromino_t4
D:3:      layout_loops_ring, nicolae_overflow_hidden_temple,
          nemelex_xobeh_ov_fountains_minmay, nicolae_qazlal_eye_of_the_storm,
          grunt_decor_fettered
D:4:      layout_basic, okawaru_altar_gauntlet_db, serial_shops, shop
D:5:      layout_basic, minmay_temple_entry_offerings
D:6:      layout_rooms, grunt_temple_overflow_holy_war, bloody_trog,
          minmay_manual_mess, uniq_edmund, uniq_grinder
D:7:      layout_rooms, ebering_ghost_xom, uniq_pikel, uniq_menkaure
D:8:      layout_layer_cave, lemuel_coloured_pillars_altar, old_standard_altar,
          kennysheep_mini_moat, uniq_erica
D:9:      layout_loops_ring, dpeg_oklobed_lair, special_room [special_room_bee],
          fedhas_bush_and_centaur_altar, uniq_maurice, uniq_erolcha
D:10:     layout_loops_ring, orc_0_dummy
D:13:     kb_forest_paths, layout_basic
Temple:   minmay_freezing_vapour_temple

Skill      XL: |  1  2  3  4  5  6  7  8  9 10 11 |
---------------+----------------------------------+-----
Earth Magic    | 4 5 6 7 9 10 12 14 | 14.6
Spellcasting   | 3 4 5 7 8 |  8.4
Fighting       | 12 | 12.6
Dodging        | |  1.5
Stealth        | |  2.1
Transmutations | |  0.7

Action                   |  1- 3 |  4- 6 |  7- 9 | 10-12 || total
-------------------------+-------+-------+-------+-------++-------
Melee: Unarmed           |    16 |       |       |       ||    16
       Mace              |    39 |   138 |   135 |       ||   312
       Whip              |       |       |    78 |   246 ||   324
 Cast: Sandblast         |    14 |    24 |   129 |    73 ||   240
       Stone Arrow       |       |       |     6 |   131 ||   137
       Lee's Rapid Decon |       |       |     1 |    14 ||    15
  Use: Scroll            |     6 |     8 |     5 |     6 ||    25
       Potion            |       |     1 |     1 |       ||     2
 Stab: Distracted        |     1 |       |       |       ||     1
       Sleeping          |       |     6 |     1 |     1 ||     8
Armor: Robe              |    25 |    78 |   103 |   214 ||   420
       Skin              |       |       |    54 |       ||    54
Dodge: Dodged            |    54 |   129 |   201 |   292 ||   676
Block: Other             |       |       |       |    66 ||    66
       Reflection        |       |       |       |     2 ||     2

Table legend: (Time is in decaauts)
 A = Elapsed time spent in this place.
 B = Non-inter-level travel time spent in this place.
 C = Inter-level travel time spent in this place.
 D = Time resting spent in this place.
 E = Time spent auto-exploring this place.
 F = Levels seen in this place.
 G = Mean time per level.
                   A        B        C        D        E       F      G
               +--------+--------+--------+--------+--------+-----+--------+
         Total |  13665 |  13332 |    333 |   2314 |   9036 |  12 | 1138.8 |
       Dungeon |  13643 |  13314 |    329 |   2314 |   9026 |  11 | 1240.3 |
        Temple |     21 |     17 |      4 |      0 |     10 |   1 |   21.0 |
               +--------+--------+--------+--------+--------+-----+--------+

Top non-repeatable levels by time:
     D:9: 2179 daAuts
     D:7: 2035 daAuts
     D:8: 1762 daAuts
     D:2: 1349 daAuts
     D:3: 1168 daAuts
     D:4: 1147 daAuts
     D:6: 1034 daAuts
     D:5: 975 daAuts
     D:1: 950 daAuts
    D:10: 632 daAuts
    D:13: 407 daAuts
  Temple: 21 daAuts
